 Dungeon Crawl Stone Soup version 0.16.0-16-g311141a (webtiles) character file.

405737 McCoppin the Ninja (level 23, -19/160 HPs)
             Began as an Octopode Assassin on Mar 17, 2015.
             Was the Champion of Dithmenos.
             Demolished by a sun demon (23 damage)
             ... on level 3 of the Abyss on Mar 19, 2015.
             The game lasted 07:24:05 (71014 turns).

McCoppin the Ninja (Octopode Assassin)             Turns: 71014, Time: 07:24:05

Health: -19/160    AC: 14    Str:  9    XL:     23   Next: 40%
Magic:  23/30      EV: 37    Int: 14    God:    Dithmenos [******]
Gold:   1269       SH: 18    Dex: 24    Spells: 5 memorised, 14 levels left

rFire  + + .     SeeInvis +     s - +2 demon blade (elec)
rCold  + . .     Clarity  +     d - +2 shield of Resistance {rF+ rC+ MR+}
rNeg   . . .     SustAb   .     (helmet restricted)
rPois  +         Gourm    .     C - amulet of regeneration
rElec  +         Spirit   .     j - +6 ring of protection
rCorr  .         Warding  .     x - ring of see invisible
rMut   .         Stasis   .     T - ring of stealth
MR     ++...                    p - ring of stealth
Stlth  ++++++++++               L - ring of stealth
                                m - ring of wizardry
                                b - +5 ring of slaying
                                o - ring of wizardry

@: agile, very slightly contaminated, wreathed by umbra, repel missiles, very
resistant to hostile enchantments, uncannily stealthy
A: almost no armour, amphibious, 8 rings, constrict 8, icy blue scales 1, large
bone plates 1, rough black scales 1, camouflage 1, berserk 1, blurry vision 1,
clarity, clumsy 1, fire resistance 1, low mp 1, sense surroundings 1, poison
resistance, electricity resistance, slow healing 1, weak 1, gelatinous body 1,
no device heal 1
a: Shadow Step, Shadow Form, Renounce Religion
}: 2/15 runes: decaying, serpentine


You were on level 3 of the Abyss.
You worshipped Dithmenos.
Dithmenos was exalted by your worship.
You were near starving.

You visited 8 branches of the dungeon, and saw 44 of its levels.
You visited the Abyss 1 time.
You visited 1 bazaar.
You also visited: Sewer and Bailey.

You collected 5455 gold pieces.
You spent 4186 gold pieces at shops.

Inventory:

Hand weapons
 a - a +2 dagger of protection
 c - a +1 dagger of holy wrath
 s - a +2 demon blade of electrocution (weapon)
Missiles
 v - 4 throwing nets (quivered)
 J - 8 needles of slowing
Armour
 d - the +2 shield of Resistance (worn) {rF+ rC+ MR+}
   (You bought it in a shop on level 1 of the Depths)

   It protects you from fire.
   It protects you from cold.
   It affects your resistance to hostile enchantments.
Jewellery
 b - a +5 ring of slaying (on tentacle)
 j - a +6 ring of protection (left tentacle)
 m - a ring of wizardry (on tentacle)
 o - a ring of wizardry (on tentacle)
 p - a ring of stealth (on tentacle)
 u - a +2 ring of dexterity {unknown}
 x - a ring of see invisible (right tentacle)
 C - an amulet of regeneration (around mantle)
 L - a ring of stealth (on tentacle)
 T - a ring of stealth (on tentacle)
Magical devices
 t - a wand of polymorph (13)
 I - a wand of disintegration (10)
 P - a wand of digging (3)
 Y - a wand of invisibility (3)
Scrolls
 k - 2 scrolls of silence
 q - 2 scrolls of enchant weapon
 r - 14 scrolls of identify
 w - 5 scrolls of teleportation
 y - 4 scrolls of fear
 z - 13 scrolls of remove curse
 E - 8 scrolls of fog
 F - a scroll of acquirement
 G - 3 scrolls of recharging
 H - a scroll of magic mapping
 M - a scroll of amnesia
 N - a scroll of summoning {unknown}
 R - a scroll of blinking
Potions
 e - 2 potions of cancellation
 i - 2 potions of cure mutation
 n - 12 potions of curing
 A - 3 potions of flight
 B - 6 potions of brilliance
 D - 8 potions of magic
 S - 2 potions of agility
 U - a potion of mutation
 V - 9 potions of restore abilities
 W - 5 potions of haste
 X - 3 potions of invisibility
 Z - 7 potions of berserk rage
Comestibles
 g - 8 bread rations
 h - 16 meat rations
 l - 14 fruits
 K - 11 slices of pizza
 O - 16 beef jerkies
 Q - 15 royal jellies


   Skills:
 - Level 14.0 Fighting
 - Level 2.0(9.5) Short Blades
 - Level 14.0 Long Blades
 - Level 2.0 Throwing
 + Level 18.0 Dodging
 O Level 27 Stealth
 - Level 16.0 Shields
 - Level 5.0 Spellcasting
 - Level 11.0 Transmutations
 - Level 10.4 Earth Magic
 - Level 11.1 Invocations


You had 14 spell levels left.
You knew the following spells:

 Your Spells              Type           Power        Failure   Level  Hunger
a - Stoneskin             Trmt/Erth      ####....     1%          2    ##.....
b - Statue Form           Trmt/Erth      ####.....    11%         6    #######
c - Haste                 Chrm           #.......     100%        6    #######
d - Blink                 Tloc           N/A          9%          2    ##.....
e - Repel Missiles        Chrm/Air       #.....       9%          2    ##.....


Dungeon Overview and Level Annotations

Branches:
Dungeon (15/15)            Temple (1/1) D:4            Lair (8/8) D:8
  Swamp (5/5) Lair:5        Snake (5/5) Lair:6        Slime (0/6) Lair:8
    Orc (4/4) D:12            Elf (0/3) Orc:4        Vaults (4/5) D:14
  Crypt (0/3) Vaults:2     Depths (2/5) D:15

Altars:
Ashenzari
Cheibriados
Dithmenos
Elyvilon
Fedhas
Gozag
Kikubaaqudgha
Makhleb
Nemelex Xobeh
Okawaru
Ru
Sif Muna
Vehumet
Xom
Yredelemnul
Zin
The Shining One
Beogh
Jiyva
Lugonu

Shops:
D:5 %   Orc:1 *   Orc:4 ([*}   Snake:3 =   Snake:4 :   Vaults:1 (!(
Depths:1 [

Portals:
Hell: Depths:1 Depths:2
Abyss: Depths:1
Ziggurat: Depths:2
Trove: D:10 (give 6 potions of haste)


Innate Abilities, Weirdness & Mutations

You cannot wear most types of armour.
You are amphibious.
You can wear up to eight rings at the same time.
You can use your tentacles to constrict many enemies at once.
Your skin changes colour to match your surroundings (Stealth).
Your rubbery body absorbs attacks (AC +1).
You are partially covered in icy blue scales (AC +1).
You are partially covered in large bone plates (AC +2, SH +2).
You are partially covered in rough black scales (AC +4, Dex -1).
You tend to lose your temper in combat.
You possess an exceptional clarity of mind.
Your flesh is heat resistant.
Your magical capacity is low (-10% MP).
You passively map a small area around you.
Your system is resistant to poisons.
You are resistant to electric shocks.
Potions and wands are less effective at restoring your health.
[Scrolls take you a little longer to read.]
[You are clumsy. (Dex -2)]
[You heal slowly when monsters are visible.]
[You are weak. (Str -2)]


Message History

Okay, then.
Press: ? - help, v - describe, . - travel
Here: a tentacled monstrosity (umbra)
The floor.
Casting: Blink
Confirm with . or Enter, or press ? or * to list all spells.
Okay, then.
Read which item? (? for menu, Esc to quit)
Okay, then.
Drink which item? (? for menu, Esc to quit)
Okay, then.
Casting: Blink
Confirm with . or Enter, or press ? or * to list all spells.
A powerful magic prevents control of your teleportation.
You blink.
Floosh!
The blink frog croaks.
You block the sun demon's attack.
The blink frog blinks!
The kraken barely misses you. The harpy completely misses you.
The harpy completely misses you. The sun demon hits you!!
You die...

≈≈§≈5≈ ≈o . ≈ ≈4≈≈ .
## # # ##≈≈R# # . .
....##R45## # .
....#..d#≈≈§R≈##.###.
#
....#..≈§≈§§d≈§§≈#.#.#
....###.≈≈§§o4§§##..§
.
..#.#..Z.≈≈§X3§§§#§..
. ...#.#.§≈@§FX.#.. .
. .# ##.≈≈§§H≈.X#. #.#
. . ##..≈...#..# ..
.##.....#..#§# . .
..#..#..##§### .
.#...#### ## . # ##
.#. . .. # . ##. . . .
.


You could see a kraken, 2 tentacled monstrosities, a sun demon, a harpy, a blink
frog, an orc sorcerer, a red devil and a blink frog zombie.

Vanquished Creatures
  Sojobo (Vaults:2)
  the Lernaean hydra (Swamp:5)
  Mara (Vaults:3)
  Nikola (Swamp:2)
  A hellephant (Abyss:2)
  The ghost of CrazyArbalest the Impaler, a mighty CeHu of Gozag (Snake:5)
  A lich (Depths:1)
  Vashnia (Snake:2)
  2 tentacled starspawn (Abyss:3)
  A sphinx (Vaults:4)
  2 tengu reavers (Vaults:2)
  A thorn hunter (Swamp:4)
  Rupert (D:15)
  Kirke (Swamp:2)
  A storm dragon (Depths:2)
  Donald (Snake:1)
  13 greater nagas
  Wiglaf (Snake:2)
  Maud (D:15)
  7 vault wardens
  7 fire giants
  2 frost giants
  Aizul (Lair:5)
  Louise (Snake:3)
  3 emperor scorpions
  10 ironheart preservers
  3 very ugly things (Depths:2)
  14 stone giants
  A deep elf demonologist (Depths:2)
  A dire elephant (Depths:1)
  A vampire knight (Depths:2)
  A deep elf death mage (Vaults:1)
  2 minotaurs (Depths:1)
  3 vault guards (Vaults:1)
  Josephine (D:15)
  6 fire dragons
  4 ettins
  11 small abominations
  2 rakshasas
  11 yaktaur captains
  22 hydras
  3 great orbs of eyes
  17 naga warriors
  3 ice dragons
  2 ghost crabs
  Erica (Lair:5)
  10 centaur warriors
  18 anacondas
  13 ogre magi
  22 death yaks
  7 alligators
  2 catoblepae
  3 deep troll earth magi
  2 deep troll shamans
  A spriggan berserker (Swamp:2)
  3 thrashing horrors
  A vampire mage (D:15)
  Urug (D:14)
  9 naga sharpshooters
  2 shadow wraiths
  2 orc high priests
  2 tengu warriors
  8 spriggans
  5 shock serpents
  A wretched star (Abyss:3)
  6 salamander mystics
  10 sea snakes (Snake:5)
  7 deep elf knights
  3 fire crabs
  2 spatial maelstroms
  12 deep trolls
  7 skeletal warriors
  12 swamp dragons
  2 wizards
  An unseen horror (D:15)
  3 spriggan druids
  10 naga ritualists
  15 ironbrand convokers
  2 shambling mangroves (Swamp:4)
  20 starcursed masses
  Erolcha (D:9)
  3 giant orange brains
  Pikel (D:7)
  3 necromancers
  55 ugly things
  A shining eye (shapeshifter) (Vaults:2)
  17 hill giants
  A stone giant zombie (Vaults:3)
  3 wolf spiders
  5 griffons
  A draconian (shapeshifter) (Vaults:1)
  11 mana vipers
  A lindwurm (D:14)
  An orc sorcerer (Orc:4)
  2 phantasmal warriors (Depths:2)
  7 deep elf conjurers
  2 worldbinders
  9 salamanders
  10 guardian serpents
  A human zombie (Vaults:3)
  2 manticores
  A faun (shapeshifter) (D:12)
  2 human skeletons
  11 orc knights
  A centaur zombie (D:14)
  9 cyclopes
  Maurice (D:8)
  6 elephants
  16 spiny frogs
  A queen ant (Lair:3)
  Joseph (Orc:3)
  31 black mambas
  10 vault sentinels
  21 naga magi
  A spiny frog (shapeshifter) (Vaults:1)
  A hellion (Depths:1)
  4 centaur skeletons
  2 smoke demons
  3 gargoyles
  2 orange crystal statues (Depths:1)
  6 kobold demonologists
  A guardian serpent (shapeshifter) (Vaults:1)
  A rust devil (Abyss:1)
  An emperor scorpion zombie (D:15)
  6 komodo dragons
  14 trolls
  2 yaktaur zombies
  6 fire drakes
  A yaktaur skeleton (Vaults:3)
  2 tengu conjurers
  A tormentor (Abyss:3)
  A hellwing (Abyss:2)
  4 efreet
  28 yaktaurs
  3 deep elf priests
  A fire drake (shapeshifter) (Depths:1)
  A queen bee (shapeshifter) (Depths:2)
  9 polar bears
  Sonja (D:14)
  A queen bee (Lair:1)
  26 two-headed ogres
  2 freezing wraiths (Vaults:3)
  11 giant leeches
  6 baby alligators
  5 raiju
  19 blink frogs
  A wind drake (shapeshifter) (D:13)
  Prince Ribbit (D:8)
  18 ravens
  4 boulder beetles
  55 slime creatures
  14 bog bodies
  A harpy skeleton (D:15)
  A fire dragon zombie (Abyss:3)
  A raven (shapeshifter) (D:14)
  9 wraiths
  6 basilisks
  A centaur simulacrum (D:14)
  4 deep elf magi
  An ettin skeleton (Vaults:4)
  4 shadows
  3 water elementals (D:15)
  A tarantella (shapeshifter) (Vaults:1)
  37 yaks
  Eustachio (D:4)
  3 chaos spawn
  2 neqoxecs
  2 ynoxinuls
  Grum (Orc:4)
  8 wyverns
  A hog (Swamp:2)
  A hungry ghost (D:7)
  16 deep elf fighters
  24 swamp worms
  A tengu zombie (D:15)
  35 vampire mosquitoes
  24 wolves
  17 hippogriffs
  4 steam dragons
  7 insubstantial wisps
  2 spatial vortices
  13 wargs
  71 nagas
  4 mottled dragons
  5 hell hounds (Lair:8)
  19 soldier ants
  4 sky beasts
  5 ice beasts
  7 porcupines
  42 water moccasins
  13 black bears
  10 large abominations
  A necrophage (D:7)
  48 orc warriors
  A black bear (shapeshifter) (Vaults:2)
  20 swamp drakes
  2 blink frog zombies (Abyss:3)
  10 wasps
  A slave (D:6)
  4 phantoms
  15 centaurs
  3 boggarts (Depths:1)
  68 ogres
  4 eyes of draining
  5 big kobolds
  Blork the orc (D:8)
  23 crocodiles
  25 giant frogs
  4 scorpions
  A wyvern skeleton (D:14)
  5 wights (D:13)
  34 killer bees
  An elf zombie (D:15)
  7 electric eels
  7 crimson imps
  A jelly (D:7)
  22 orc priests
  2 goliath beetles (D:8)
  2 human simulacra
  An iron imp (Abyss:3)
  27 hounds
  An iguana (shapeshifter) (D:15)
  Crazy Yiuf (D:7)
  2 giant frog skeletons (D:6)
  45 orc wizards
  2 quasits
  Natasha (thrice) (D:4)
  11 iguanas
  46 worker ants
  18 sheep
  A hound zombie (D:7)
  A hound skeleton (D:10)
  A mummy (D:12)
  2 worker ant zombies
  30 river rats
  36 adders
  8 gnolls
  2 giant mites (Lair:3)
  6 shadow imps
  A white imp (Abyss:3)
  2 worms
  A worm (shapeshifter) (Vaults:2)
  2 giant geckos
  241 orcs
  2 bat skeletons
  10 giant cockroaches
  15 hobgoblins
  16 jackals
  22 kobolds
  18 quokkas
  18 ball pythons
  10 bats
  2 giant gecko skeletons (D:4)
  11 giant newts
  3 giant spores
  23 goblins
  2 quokka zombies
  40 rats
  3 ballistomycetes
  2 fungi
  3 plants
2329 creatures vanquished.

Vanquished Creatures (others)
  A fire giant (Vaults:4)
  A starcursed mass (Abyss:2)
  2 sun demons (Abyss:3)
  An ogre mage (Vaults:1)
  A centaur warrior (Depths:1)
  2 naga sharpshooters
  A hill giant (D:13)
  A cyclops (Vaults:2)
  A wizard (Vaults:3)
  A yaktaur (Vaults:3)
  A raiju (Abyss:2)
  A slime creature (Swamp:5)
  A bog body (Swamp:5)
  2 blink frogs (Abyss:3)
  2 small abominations (Abyss:2)
  A human (Swamp:2)
  A chaos spawn (Abyss:2)
  A spatial vortex (Abyss:2)
  4 insubstantial wisps (Swamp:5)
  A naga (Snake:5)
  A water moccasin (Swamp:5)
  An orc warrior (D:13)
  2 slaves (D:9)
  2 ogres (Vaults:1)
  A centaur (Vaults:4)
  An orc priest (D:9)
  An ufetubus (Abyss:2)
  3 orcs (D:13)
  A bat (D:9)
  A hobgoblin (Orc:4)
  A giant spore (D:15)
  A ballistomycete (D:15)
  A crawling corpse (Vaults:1)
  10 fungi
  17 plants
  5 starspawn tentacles (Abyss:3)
  23 starspawn tentacle segments (Abyss:3)
  8 tentacles (Abyss:3)
107 creatures vanquished.

Grand Total: 2436 creatures vanquished

Notes
Turn   | Place    | Note
--------------------------------------------------------------
     0 | D:1      | McCoppin, the Octopode Assassin, began the quest for the Orb.
     0 | D:1      | Reached XP level 1. HP: 14/14 MP: 1/1
   258 | D:1      | Reached XP level 2. HP: 19/19 MP: 2/2
   273 | D:1      | Reached skill level 6 in Stealth
  1093 | D:2      | Reached XP level 3. HP: 24/24 MP: 3/3
  1245 | D:2      | Reached skill level 7 in Stealth
  1558 | D:3      | Reached XP level 4. HP: 29/29 MP: 4/4
  1568 | D:3      | Reached skill level 8 in Stealth
  1838 | D:3      | Reached XP level 5. HP: 34/34 MP: 5/5
  2042 | D:3      | Found a basalt altar of Yredelemnul.
  2093 | D:3      | Found a blossoming altar of Fedhas.
  2265 | D:3      | Reached skill level 9 in Stealth
  2685 | D:4      | Reached XP level 6. HP: 32/39 MP: 6/6
  2781 | D:4      | Noticed Eustachio
  2796 | D:4      | Killed Eustachio
  2796 | D:4      | Reached skill level 10 in Stealth
  2831 | D:4      | Noticed Natasha
  2843 | D:4      | Killed Natasha
  2891 | D:4      | Found a glowing drain.
  2903 | D:4      | Reached skill level 11 in Stealth
  2925 | D:4      | Reached XP level 7. HP: 40/45 MP: 7/7
  2962 | Sewer    | Entered a sewer
  3061 | Sewer    | Reached skill level 1 in Long Blades
  3474 | D:4      | Noticed Natasha
  3480 | D:4      | Killed Natasha
  3544 | D:4      | Noticed an ogre
  3579 | D:4      | Killed an ogre
  3628 | D:4      | Found a staircase to the Ecumenical Temple.
  3636 | Temple   | Entered the Ecumenical Temple
  3873 | Temple   | Became a worshipper of Dithmenos the Shadowed
  3896 | D:4      | Noticed Natasha
  3897 | D:4      | Killed Natasha
  3909 | D:4      | Reached XP level 8. HP: 54/54 MP: 8/8
  4061 | D:5      | Entered Level 5 of the Dungeon
  4416 | D:5      | Found Verrigytogh's Food Shoppe.
  4870 | D:6      | Reached skill level 5 in Fighting
  4989 | D:6      | Reached skill level 5 in Long Blades
  5795 | D:6      | Reached XP level 9. HP: 49/63 MP: 9/9
  6014 | D:7      | Noticed Pikel
  6900 | D:7      | Found a glowing silver altar of Zin.
  7132 | D:7      | Killed Pikel
  7224 | D:7      | Noticed Crazy Yiuf
  7228 | D:7      | Killed Crazy Yiuf
  7293 | D:7      | Acquired Dithmenos' first power
  7532 | D:8      | Noticed Prince Ribbit
  7541 | D:8      | Reached XP level 10. HP: 73/73 MP: 10/10
  7548 | D:8      | Noticed Blork the orc
  7563 | D:8      | Killed Blork the orc
  7664 | D:8      | Got a slimy arbalest
  7670 | D:8      | Identified the +5 arbalest "Beetleslayer" {venom, +Blink rElec rC+ rN+ Str-4} (You found it on level 8 of the Dungeon)
  7829 | D:8      | Noticed Maurice
  8191 | D:8      | Killed Maurice
  8191 | D:8      | Reached skill level 10 in Fighting
  8376 | D:8      | Found a staircase to the Lair.
  8511 | D:8      | Identified a scroll of acquirement
  8898 | D:8      | Killed Prince Ribbit
  8898 | D:8      | Reached skill level 10 in Long Blades
  9274 | D:8      | Noticed a three-headed hydra
  9351 | D:8      | Reached XP level 11. HP: 82/82 MP: 11/11
  9524 | D:8      | Killed a three-headed hydra
  9524 | D:8      | Acquired Dithmenos' second power
  9778 | Lair:1   | Entered Level 1 of the Lair of Beasts
  9825 | Lair:1   | Found a labyrinth entrance.
 10702 | Lair:1   | Found a burning altar of Makhleb.
 12780 | Lair:2   | Reached skill level 12 in Fighting
 13573 | Lair:2   | Acquired Dithmenos' third power
 13588 | Lair:2   | Reached XP level 12. HP: 92/92 MP: 12/12
 15120 | Lair:3   | Reached skill level 13 in Fighting
 18834 | Lair:5   | Found a staircase to the Swamp.
 19182 | Lair:5   | Got a crude scimitar
 19185 | Lair:5   | Identified the +4 scimitar of Terra Nullius {pain, rN+} (You found it on level 5 of the Lair of Beasts)
 19199 | Lair:5   | Noticed a death yak
 19232 | Lair:5   | Noticed Erica
 19282 | Lair:5   | Noticed a seven-headed hydra
 19506 | Lair:5   | Noticed a death yak
 19734 | Lair:6   | Reached XP level 13. HP: 100/100 MP: 13/13
 19749 | Lair:6   | Reached skill level 14 in Fighting
 20015 | Lair:6   | Reached skill level 1 in Shields
 20178 | Lair:6   | Found a staircase to the Snake Pit.
 20336 | Lair:6   | Acquired Dithmenos' fourth power
 20614 | Lair:7   | Gained mutation: You have difficulty communicating with the divine. [potion of mutation]
 20614 | Lair:7   | Gained mutation: You tend to lose your temper in combat. [potion of mutation]
 20615 | Lair:7   | Gained mutation: You are partially covered in molten scales (AC +1). [potion of mutation]
 20615 | Lair:7   | Gained mutation: You can breathe flames. [potion of mutation]
 21969 | Lair:7   | Reached skill level 5 in Dodging
 22276 | Lair:8   | Entered Level 8 of the Lair of Beasts
 22550 | Lair:8   | Reached skill level 5 in Shields
 23070 | Lair:8   | Found a viscous altar of Jiyva.
 23070 | Lair:8   | Found a staircase to the Slime Pits.
 23944 | D:9      | Found a burning altar of Makhleb.
 23978 | D:9      | Lost mutation: You tend to lose your temper in combat. [potion of cure mutation]
 23978 | D:9      | Lost mutation: You are partially covered in molten scales (AC +1). [potion of cure mutation]
 24211 | D:9      | Noticed Erolcha
 24231 | D:9      | Killed Erolcha
 24297 | D:9      | Found a deep blue altar of Sif Muna.
 24300 | D:9      | Found an ancient bone altar of Kikubaaqudgha.
 24487 | D:10     | Entered Level 10 of the Dungeon
 25009 | D:10     | Reached XP level 14. HP: 53/108 MP: 14/14
 25365 | D:10     | Found a portal to a secret trove of treasure.
 25836 | D:11     | Found a flagged portal.
 25870 | Bailey   | Entered a bailey
 26948 | D:11     | Reached skill level 10 in Shields
 27191 | D:12     | Found a staircase to the Orcish Mines.
 27401 | D:12     | Gained mutation: [You are clumsy. (Dex -2)] [mutagenic meat]
 27402 | D:12     | Gained mutation: [Scrolls take you a little longer to read.] [mutagenic meat]
 28657 | D:13     | Found a flickering gateway to a bazaar.
 28671 | Bazaar   | Entered a bazaar
 28711 | Bazaar   | Found Kleix's Book Shoppe.
 28711 | Bazaar   | Found Kanevuok's Weapon Emporium.
 28817 | Bazaar   | Bought a book of Transfigurations for 385 gold pieces
 28828 | Bazaar   | Learned a level 2 spell: Stoneskin
 28835 | Bazaar   | Learned a level 6 spell: Statue Form
 28843 | Bazaar   | Reached XP level 15. HP: 113/113 MP: 15/15
 29339 | D:13     | Gained mutation: You can spit poison. [mutagenic meat]
 29500 | D:13     | Gained mutation: [You are weak. (Str -2)] [mutagenic meat]
 29501 | D:13     | Gained mutation: You are partially covered in iridescent scales (AC +4). [mutagenic meat]
 30255 | D:14     | Lost mutation: You can breathe flames. [potion of cure mutation]
 30255 | D:14     | Lost mutation: [You are weak. (Str -2)] [potion of cure mutation]
 30255 | D:14     | Lost mutation: [Scrolls take you a little longer to read.] [potion of cure mutation]
 30255 | D:14     | Lost mutation: [You are clumsy. (Dex -2)] [potion of cure mutation]
 30255 | D:14     | Lost mutation: You can spit poison. [potion of cure mutation]
 30360 | D:14     | Gained mutation: You possess an exceptional clarity of mind. [mutagenic meat]
 30477 | D:14     | Found a gate to the Vaults.
 30697 | D:14     | Noticed Urug
 30700 | D:14     | Killed Urug
 30700 | D:14     | Reached skill level 15 in Shields
 30998 | D:14     | Noticed Sonja
 31012 | D:14     | Killed Sonja
 31119 | D:14     | Gained mutation: Your mind is acute. (Int +2) [mutagenic meat]
 31813 | D:15     | Entered Level 15 of the Dungeon
 32032 | D:15     | Found a staircase to the Depths.
 32052 | D:15     | Reached skill level 16 in Shields
 32436 | D:15     | Upgraded the game from 0.16.0-11-gd45b091 to 0.16.0-12-g7215832
 32463 | D:15     | Reached XP level 16. HP: 113/119 MP: 16/16
 32642 | D:15     | Reached skill level 5 in Transmutations
 32681 | D:15     | Noticed Maud
 32862 | D:15     | Noticed Josephine
 33223 | D:15     | Noticed Rupert
 33238 | D:15     | Killed Rupert
 33346 | D:15     | Gained mutation: Your mind is very acute. (Int +4) [mutagenic meat]
 33800 | D:15     | Killed Josephine
 34260 | D:15     | Killed Maud
 34382 | D:15     | Gained mutation: Potions and wands are less effective at restoring your health. [potion of mutation]
 34382 | D:15     | Gained mutation: You are resistant to electric shocks. [potion of mutation]
 34626 | D:15     | Gained mutation: Your magical capacity is low (-10% MP). [mutagenic meat]
 35099 | Orc:1    | Entered Level 1 of the Orcish Mines
 35258 | Orc:2    | Found a roughly hewn altar of Beogh.
 35963 | Orc:3    | Noticed Joseph
 35974 | Orc:3    | Killed Joseph
 36596 | Orc:4    | Entered Level 4 of the Orcish Mines
 36596 | Orc:4    | Found a staircase to the Elven Halls.
 37032 | Orc:4    | Reached skill level 10 in Transmutations
 37160 | Orc:4    | Found Mnulywk's Assorted Antiques.
 37186 | Orc:4    | Noticed Grum
 37666 | Orc:4    | Found Iguopp's Antique Armour Shoppe.
 37930 | Orc:4    | Reached skill level 5 in Earth Magic
 38151 | Orc:4    | Killed Grum
 38156 | Orc:4    | Found Plog's Gadget Boutique.
 38792 | Orc:4    | Found Raskemp's Antique Weapon Emporium.
 39466 | Orc:1    | Found Suguopn's General Store.
 39480 | Orc:1    | Bought a potion of heal wounds for 65 gold pieces
 39480 | Orc:1    | Bought a potion of curing for 39 gold pieces
 39480 | Orc:1    | Bought a scroll of identify for 26 gold pieces
 39950 | Lair:2   | Learned a level 6 spell: Haste
 40066 | Lair:5   | Killed Erica
 40141 | Lair:5   | Noticed a death yak
 40253 | Lair:5   | Killed a death yak
 40260 | Lair:5   | Killed a death yak
 40266 | Lair:5   | Killed a death yak
 40633 | Lair:5   | Killed a seven-headed hydra
 41024 | Lair:8   | Reached XP level 17. HP: 75/125 MP: 15/15
 42141 | Lair:8   | Reached skill level 10 in Earth Magic
 42605 | Swamp:1  | Entered Level 1 of the Swamp
 42613 | Swamp:1  | Reached skill level 1 in Spellcasting
 43237 | Swamp:2  | Noticed Aizul
 43289 | Lair:5   | Killed Aizul
 43612 | Swamp:1  | Reached skill level 5 in Spellcasting
 43709 | Swamp:2  | Noticed Nikola
 43728 | Swamp:2  | Killed Nikola
 44167 | Swamp:2  | Noticed Kirke
 44174 | Swamp:2  | Killed Kirke
 45456 | Swamp:3  | Reached skill level 10 in Dodging
 46963 | Swamp:4  | Reached XP level 18. HP: 124/131 MP: 26/26
 48117 | Swamp:5  | Entered Level 5 of the Swamp
 48929 | Swamp:5  | Noticed the 27-headed Lernaean hydra
 49094 | Swamp:5  | Killed the 27-headed Lernaean hydra
 49185 | Swamp:5  | Got a decaying rune of Zot
 50129 | Snake:1  | Entered Level 1 of the Snake Pit
 50517 | Snake:1  | Noticed Donald
 50525 | Snake:1  | Killed Donald
 50867 | Snake:1  | Reached skill level 15 in Dodging
 51971 | Snake:2  | Noticed Vashnia
 52147 | Snake:2  | Killed Vashnia
 52177 | Snake:2  | Learned a level 2 spell: Blink
 52180 | Snake:2  | Learned a level 2 spell: Repel Missiles
 52309 | Snake:2  | Reached XP level 19. HP: 136/136 MP: 26/26
 52533 | Snake:2  | Noticed Wiglaf
 52555 | Snake:2  | Killed Wiglaf
 52797 | Snake:3  | Noticed Louise
 52803 | Snake:3  | Killed Louise
 52878 | Snake:3  | Found Tooromiwn's Jewellery Shop.
 52993 | Snake:3  | Bought an uncursed ring of see invisible for 210 gold pieces
 53677 | Snake:4  | Found Huah's Book Emporium.
 53784 | Snake:5  | Entered Level 5 of the Snake Pit
 54184 | Snake:4  | Reached skill level 15 in Stealth
 54856 | Snake:5  | Lost mutation: Your mind is very acute. (Int +4) [mutagenic meat]
 54857 | Snake:5  | Gained mutation: [Scrolls take you a little longer to read.] [mutagenic meat]
 54858 | Snake:5  | Gained mutation: You are frail (-10% HP). [mutagenic meat]
 54859 | Snake:5  | Gained mutation: You have a pair of small antennae on your head. [mutagenic meat]
 54911 | Snake:5  | Reached skill level 17 in Stealth
 55829 | Snake:5  | Reached skill level 18 in Stealth
 55874 | Snake:5  | Noticed CrazyArbalest's ghost (mighty CeHu)
 55904 | Snake:5  | Killed CrazyArbalest's ghost
 56269 | Snake:5  | Reached skill level 19 in Stealth
 56950 | Snake:5  | Reached XP level 20. HP: 116/128 MP: 27/27
 57506 | Snake:5  | Lost mutation: You possess an exceptional clarity of mind. [mutagenic meat]
 57508 | Snake:5  | Gained mutation: You are surrounded by a mild repulsion field (EV +2). [mutagenic meat]
 57549 | Snake:5  | Reached skill level 20 in Stealth
 57556 | Snake:5  | Gained mutation: One of your tentacles bears a spike. [mutagenic meat]
 57863 | Snake:5  | Gained mutation: You tend to lose your temper in combat. [mutagenic meat]
 57865 | Snake:5  | Lost mutation: You are frail (-10% HP). [mutagenic meat]
 57873 | Snake:5  | Got a serpentine rune of Zot
 58138 | Snake:5  | Reached skill level 21 in Stealth
 58882 | Vaults:1 | Entered Level 1 of the Vaults
 58905 | Vaults:1 | Found Jazyeth's Antique Weapon Shoppe.
 58914 | Vaults:1 | Upgraded the game from 0.16.0-12-g7215832 to 0.16.0-16-g311141a
 59631 | Snake:3  | Bought an uncursed amulet of clarity for 280 gold pieces
 60138 | Vaults:1 | Reached skill level 22 in Stealth
 60364 | Vaults:1 | Lost mutation: You tend to lose your temper in combat. [mutagenic meat]
 60368 | Vaults:1 | Lost mutation: You are surrounded by a mild repulsion field (EV +2). [mutagenic meat]
 60369 | Vaults:1 | Gained mutation: You expend magic power (3 MP) to slightly strengthen your wands. [mutagenic meat]
 60468 | Vaults:1 | Gained mutation: You can spit poison. [mutagenic meat]
 60470 | Vaults:1 | Lost mutation: One of your tentacles bears a spike. [mutagenic meat]
 60560 | Vaults:1 | Found Geat's Distillery.
 60569 | Vaults:1 | Bought a potion of heal wounds for 70 gold pieces
 60569 | Vaults:1 | Bought a potion of mutation for 35 gold pieces
 60569 | Vaults:1 | Bought a potion of haste for 140 gold pieces
 60569 | Vaults:1 | Bought a potion of cure mutation for 490 gold pieces
 60569 | Vaults:1 | Lost mutation: You have difficulty communicating with the divine. [potion of cure mutation]
 60569 | Vaults:1 | Lost mutation: You have a pair of small antennae on your head. [potion of cure mutation]
 60569 | Vaults:1 | Lost mutation: You are partially covered in iridescent scales (AC +4). [potion of cure mutation]
 60569 | Vaults:1 | Lost mutation: Your magical capacity is low (-10% MP). [potion of cure mutation]
 60569 | Vaults:1 | Lost mutation: You expend magic power (3 MP) to slightly strengthen your wands. [potion of cure mutation]
 60570 | Vaults:1 | Gained mutation: Your mind is very acute. (Int +4) [potion of mutation]
 60570 | Vaults:1 | Gained mutation: [Scrolls take you longer to read.] [potion of mutation]
 60571 | Vaults:1 | Bought 2 potions of cure mutation for 980 gold pieces
 60571 | Vaults:1 | Lost mutation: [Scrolls take you longer to read.] [potion of cure mutation]
 60571 | Vaults:1 | Lost mutation: Your mind is very acute. (Int +4) [potion of cure mutation]
 60571 | Vaults:1 | Lost mutation: Your mind is acute. (Int +2) [potion of cure mutation]
 60571 | Vaults:1 | Lost mutation: [Scrolls take you a little longer to read.] [potion of cure mutation]
 60602 | Vaults:1 | Gained mutation: Your muscles are strong. (Str +2) [mutagenic meat]
 60603 | Vaults:1 | Gained mutation: You are partially covered in icy blue scales (AC +1). [mutagenic meat]
 60604 | Vaults:1 | Gained mutation: You have difficulty communicating with the divine. [mutagenic meat]
 60605 | Vaults:1 | Gained mutation: You are dopey. (Int -2) [mutagenic meat]
 60606 | Vaults:1 | Gained mutation: You are partially covered in large bone plates (AC +2, SH +2). [mutagenic meat]
 60755 | Vaults:1 | Reached skill level 23 in Stealth
 60931 | Vaults:1 | Found Gotehum's Weapon Shop.
 60946 | Vaults:1 | Bought a +2 scimitar of freezing for 192 gold pieces
 61215 | Vaults:1 | Lost mutation: You are dopey. (Int -2) [mutagenic meat]
 61216 | Vaults:1 | Gained mutation: One of your tentacles bears a spike. [mutagenic meat]
 61361 | Vaults:2 | Reached XP level 21. HP: 148/148 MP: 30/30
 61429 | Vaults:2 | Reached skill level 24 in Stealth
 61846 | Vaults:2 | Gained mutation: You are partially covered in rough black scales (AC +4, Dex -1). [mutagenic meat]
 61847 | Vaults:2 | Gained mutation: You possess an exceptional clarity of mind. [mutagenic meat]
 61849 | Vaults:2 | Lost mutation: Your muscles are strong. (Str +2) [mutagenic meat]
 61850 | Vaults:2 | Lost mutation: One of your tentacles bears a spike. [mutagenic meat]
 61851 | Vaults:2 | Gained mutation: Your flesh is heat resistant. [mutagenic meat]
 61852 | Vaults:2 | Lost mutation: You have difficulty communicating with the divine. [mutagenic meat]
 62027 | Vaults:2 | Noticed Sojobo
 62038 | Vaults:2 | Killed Sojobo
 62040 | Vaults:2 | Reached skill level 25 in Stealth
 62558 | Vaults:2 | Gained mutation: Your system is resistant to poisons. [mutagenic meat]
 62559 | Vaults:2 | Lost mutation: You can spit poison. [mutagenic meat]
 62560 | Vaults:2 | Gained mutation: You passively map a small area around you. [mutagenic meat]
 62790 | Vaults:2 | Found a staircase to the Crypt.
 62790 | Vaults:2 | Found a basalt altar of Yredelemnul.
 62792 | Vaults:2 | Found an ancient bone altar of Kikubaaqudgha.
 63415 | Vaults:3 | Reached skill level 26 in Stealth
 64223 | Vaults:3 | Noticed Mara
 64227 | Vaults:3 | Killed Mara
 64553 | Vaults:4 | Reached skill level 27 in Stealth
 64663 | Vaults:4 | Reached skill level 1 in Invocations
 64751 | Vaults:4 | Reached XP level 22. HP: 109/154 MP: 23/31
 65117 | Vaults:4 | Reached skill level 5 in Invocations
 66953 | Depths:1 | Entered Level 1 of the Depths
 67251 | Depths:1 | Reached skill level 10 in Invocations
 67484 | Depths:1 | Found Tom Eclo's Antique Armour Shop.
 67506 | Depths:1 | Bought the +2 shield of Resistance {rF+ rC+ MR+} for 1274 gold pieces
 67941 | Depths:1 | Found a corrupted altar of Lugonu.
 68107 | Depths:1 | Found a one-way gate to the infinite horrors of the Abyss.
 68319 | Depths:1 | Found a gateway to Hell.
 68504 | Depths:2 | Found a gateway to a ziggurat.
 68624 | Depths:2 | Reached XP level 23. HP: 160/160 MP: 34/34
 69007 | Depths:2 | Cast into the Abyss (hell knight)
 69587 | Abyss:2  | Gained mutation: Your magical capacity is low (-10% MP). [a neqoxec]
 70047 | Abyss:2  | Found a burning altar of Makhleb.
 70354 | Abyss:3  | Found a corrupted altar of Lugonu.
 70462 | Abyss:3  | Gained mutation: You tend to lose your temper in combat. [a neqoxec]
 71008 | Abyss:3  | HP: 9/208 [kraken (30)]
 71008 | Abyss:3  | HP: 1/208 [kraken (8)]
 71014 | Abyss:3  | Demolished by a sun demon

Action                   |  1- 3 |  4- 6 |  7- 9 | 10-12 | 13-15 | 16-18 | 19-21 | 22-24 || total
-------------------------+-------+-------+-------+-------+-------+-------+-------+-------++-------
Melee: Dagger            |    53 |   103 |   302 |   717 |   285 |   391 |   201 |    66 ||  2118
       Unarmed           |       |       |     1 |       |       |       |       |       ||     1
       Scimitar          |       |       |       |       |   652 |  1538 |   975 |       ||  3165
       Demon blade       |       |       |       |       |       |       |    33 |   617 ||   650
 Fire: Blowgun           |     9 |    10 |    58 |   239 |    53 |     1 |       |       ||   370
Throw: Throwing net      |       |       |       |     1 |       |       |       |     1 ||     2
 Cast: Stoneskin         |       |       |       |       |     3 |    45 |    37 |    21 ||   106
       Statue Form       |       |       |       |       |       |    33 |    46 |    25 ||   104
       Repel Missiles    |       |       |       |       |       |       |    11 |     3 ||    14
       Blink             |       |       |       |       |       |       |       |     2 ||     2
Invok: Shadow Step       |       |       |       |     1 |     4 |     1 |     2 |     2 ||    10
Evoke: Wand              |       |       |       |     1 |     2 |     6 |     2 |     1 ||    12
       Rod               |       |       |       |       |       |     1 |       |       ||     1
  Use: Scroll            |       |     7 |     7 |    13 |    13 |    11 |     9 |     3 ||    63
       Potion            |       |     1 |     6 |     8 |     7 |     8 |     7 |     5 ||    42
 Stab: Sleeping          |    10 |     6 |    44 |   122 |   128 |   133 |   153 |    46 ||   642
       Distracted        |     1 |     1 |     5 |     7 |     9 |    25 |    11 |     8 ||    67
       Invisible         |       |       |       |       |     9 |     3 |       |     2 ||    14
       Confused          |       |       |       |       |       |     3 |       |       ||     3
  Eat: Chunk             |     2 |    13 |    12 |    31 |    41 |    71 |    89 |     3 ||   262
       Bread ration      |       |       |       |     1 |       |     3 |     2 |     2 ||     8
       Fruit             |       |       |       |     4 |       |       |       |    20 ||    24
       Meat ration       |       |       |       |     1 |     1 |     1 |       |     1 ||     4
       Royal jelly       |       |       |       |       |       |     3 |     7 |     1 ||    11
